 Dungeon Crawl Stone Soup version 0.25.0-9-g26727b657a (webtiles) character file.

Game seed: 4642352157064449289

92 theswoord the Slasher (level 4, -5/33 HPs)
             Began as a Demonspawn Gladiator on June 16, 2020.
             Slain by Sigmund
             ... wielding a +0 scythe
              (7 damage)
             ... on level 3 of the Dungeon.
             The game lasted 00:02:06 (2302 turns).

theswoord the Slasher (Demonspawn Gladiator)        Turns: 2302, Time: 00:02:07

Health: -5/33      AC:  9    Str: 15    XL:     4   Next: 35%
Magic:  0/4        EV:  7    Int:  9    God:
Gold:   64         SH:  5    Dex: 15    Spells: 3/3 levels left

rFire    . . .     SeeInvis .   a - +0 long sword
rCold    . . .     Gourm    .   (no shield)
rNeg     . . .     Faith    .   q - +0 chain mail
rPois    .         Spirit   +   c - +0 helmet
rElec    .         Reflect  +   (no cloak)
rCorr    .         Harm     .   (no gloves)
MR       +....                  (no boots)
Stlth    ..........             j - amulet of reflection
HPRegen  0.11/turn              k - ring of protection from magic
MPRegen  0.18/turn              l - ring of stealth

@: hasted, very quick
A: magic shield, magic regeneration
a: no special abilities


You were on level 3 of the Dungeon.
You were hungry.

You visited 1 branch of the dungeon, and saw 3 of its levels.

You collected 64 gold pieces.

Inventory:

Hand Weapons
 a - a +0 long sword (weapon)
Missiles
 d - 3 throwing nets (quivered)
Armour
 b - a +0 leather armour
 c - a +0 helmet (worn)
 q - a +0 chain mail (worn)
Jewellery
 j - an amulet of reflection (around neck)
 k - a ring of protection from magic (left hand)
 l - a ring of stealth (right hand)
Scrolls
 g - a scroll of fear {unknown}
 i - a scroll of immolation {unknown}
 m - 2 scrolls of identify {unknown}
Potions
 o - a potion of might {unknown}
 p - a potion of heal wounds {unknown}
Comestibles
 f - 2 rations


   Skills:
 - Level 2.0 Fighting
 + Level 4.7 Long Blades
 - Level 1.7 Throwing
 - Level 2.6 Dodging


You had 3 spell levels left.
You didn't know any spells.
Your spell library was empty.

Dungeon Overview and Level Annotations

Branches:
Dungeon (3/15)

Altars:
Zin

Annotations:
D:3 Sigmund


Innate Abilities, Weirdness & Mutations

When hurt, damage is shared between your health and your magic reserves.
You regenerate magic rapidly.


Message History

You kill the giant cockroach!
Something hits you.
* * * LOW HITPOINT WARNING * * *
You hit something. Something hits you but does no damage.
You slash something! You miss something. You block something's attack.
You barely miss something.
You hear some strange, mumbled words.
A magic dart appears from out of thin air!
The magic dart hits you but does no damage.
You miss something. You hit something but do no damage.
Something hits you but does no damage.
You slash something! You miss something. Something hits you but does no damage.
You hit something. You miss something. Something hits you!
* * * LOW HITPOINT WARNING * * *
You miss something. You hit something. Something hits you!
You die...

#........
#........
#........
###....<...
##..........
##...........
#...†.{......
#....@.......
#...........#
##.....######
#.......#
#.......#
#...÷...#
##÷<...##
##.÷.## #####


There were no monsters in sight!

Vanquished Creatures
  A gnoll (D:1)
  2 adders
  An ooze (D:2)
  4 worms
  2 leopard geckos
  6 bats
  A giant cockroach (D:3)
  3 goblins (D:1)
  4 hobgoblins (D:1)
  8 jackals
  A kobold (D:1)
  2 quokkas (D:2)
  5 frilled lizards
  6 rats
46 creatures vanquished.

Vanquished Creatures (others)
  4 toadstools (D:1)
4 creatures vanquished.

Grand Total: 50 creatures vanquished

Notes
Turn   | Place    | Note
-------+----------+-------------------------------------------
     0 | D:1      | theswoord the Demonspawn Gladiator began the quest for the
                  | Orb.
     0 | D:1      | Reached XP level 1. HP: 16/16 MP: 1/1
    32 | D:1      | Reached skill level 3 in Long Blades
    32 | D:1      | Gained mutation: When hurt, damage is shared between your
                  | health and your magic reserves. [demonic ancestry]
    32 | D:1      | Reached XP level 2. HP: 2/22 MP: 2/2
   778 | D:1      | Reached XP level 3. HP: 25/27 MP: 3/3
  1258 | D:2      | Reached skill level 4 in Long Blades
  1430 | D:2      | Found a glowing silver altar of Zin.
  1983 | D:2      | Gained mutation: You regenerate magic rapidly. [demonic
                  | ancestry]
  1983 | D:2      | Reached XP level 4. HP: 33/33 MP: 4/4
  2269 | D:3      | Noticed Sigmund
  2302 | D:3      | Slain by Sigmund

Skill      XL: |  1  2  3 |
---------------+----------+-----
Long Blades    | 3 4 |  4.7
Fighting       | |  2.0
Throwing       | |  1.7
Dodging        | |  2.6

Action                   |  1- 3 |  4- 6 || total
-------------------------+-------+-------++-------
Melee: Long sword        |   124 |    48 ||   172
  Use: Potion            |       |     2 ||     2
 Stab: Sleeping          |     7 |     1 ||     8
  Eat: Chunk             |     3 |     1 ||     4
Armor: Leather armour    |    37 |     9 ||    46
       Chain mail        |       |    18 ||    18
Dodge: Dodged            |    66 |    28 ||    94
Block: Other             |    27 |    18 ||    45
       Rpst.: Long sword |    19 |    13 ||    32

Levels and vault maps discovered:
D:1:      ldierk_walled_garden_2, layout_basic
D:2:      layout_loops_corners, nicolae_overflow_hidden_temple
D:3:      layout_rooms, first_ration, uniq_jessica, uniq_grinder, uniq_sigmund
